 Dungeon Crawl Stone Soup version 0.18-a0-1654-ge73a678 (webtiles) character file.

756 Herrn the Conjurer (level 8, -10/60 HPs)
             Began as a Formicid Wizard on Mar 30, 2016.
             Mangled by blinkfrog's ghost (12 damage)
             ... on level 5 of the Dungeon.
             The game lasted 01:20:44 (5799 turns).

Herrn the Conjurer (Formicid Wizard)                Turns: 5799, Time: 01:20:45

Health: -10/60     AC:  4    Str: 17    XL:     8   Next: 7%
Magic:  0/4        EV: 10    Int: 20    God:
Gold:   178        SH:  8    Dex:  9    Spells: 1 memorised, 12 levels left

rFire  . . .     SeeInvis +     I - +4 dagger "Wuvvu" {antimagic, Fragile rElec rC+ rN++}
rCold  + . .     Gourm    .     a - +0 robe
rNeg   + + .     Faith    .     F - +1 shield {rPois}
rPois  +         Spirit   +     (helmet unavailable)
rElec  +         Dismiss  .     (no cloak)
rCorr  .         Reflect  .     (no gloves)
SustAt .         Harm     .     H - +1 pair of boots of Repulsion {rF- Str+5}
MR     .....                    x - amulet of guardian spirit
Stlth  ++........               (no ring)
                                h - ring of protection from fire

@: very slightly contaminated, not resistant to hostile enchantments, unstealthy
A: permanent stasis, dig shafts and tunnels, four strong arms, antennae 3
a: Dig, Shaft Self


You were on level 5 of the Dungeon.
You were hungry.

You visited 1 branch of the dungeon, and saw 5 of its levels.

You collected 326 gold pieces.
You spent 148 gold pieces at shops.

Inventory:

Hand Weapons
 f - a +0 dagger
 j - a +0 whip of freezing
 y - a +2 short sword of venom
 A - a +2 short sword of venom
 I - the +4 dagger "Wuvvu" (weapon) {antimagic, Fragile rElec rC+ rN++}
   (You found it on level 4 of the Dungeon)

   It disrupts the flow of magical energy around spellcasters and certain
   magical creatures (including the wielder).
   It protects you from cold.
   It insulates you from electricity.
   It greatly protects you from negative energy.
   It will be destroyed if unequipped.
 J - a +0 war axe
Armour
 a - a +0 robe (worn)
 g - a +0 plate armour
 u - a +1 pair of boots
 F - a +1 shield of poison resistance (worn)
 H - the +1 pair of boots of Repulsion (worn) {rF- Str+5}
   (You found it on level 4 of the Dungeon)

   It affects your strength (+5).
   It makes you vulnerable to fire.
Jewellery
 h - a ring of protection from fire (left hand)
 x - an amulet of guardian spirit (around neck)
 G - an uncursed ring of resist corrosion
Scrolls
 e - a scroll of recharging {unknown}
 k - 3 scrolls of identify {unknown}
 l - 2 scrolls of enchant armour {unknown}
 m - 3 scrolls of magic mapping
 n - 2 scrolls of remove curse
 p - 3 scrolls of random uselessness {unknown}
 q - a scroll of amnesia {unknown}
 v - a scroll of blinking {unknown}
 z - a scroll of fog {unknown}
 K - a scroll of teleportation {unknown}
Potions
 i - a potion of mutation {unknown}
 s - a potion of invisibility {unknown}
 w - 2 potions of curing
 B - a potion of berserk rage {unknown}
 C - 2 potions of haste {unknown}
 D - 3 potions of brilliance {unknown}
 E - a potion of resistance {unknown}
Books
 b - a book of Minor Magic

   Spells                             Type                      Level
   a - Magic Dart                     Conjuration                  1
   b - Blink                          Translocation                2
   c - Call Imp                       Summoning                    2
   d - Repel Missiles                 Charms/Air                   2
   e - Slow                           Hexes                        2
   f - Conjure Flame                  Conjuration/Fire             3
   g - Mephitic Cloud                 Conjuration/Poison/Air       3
 t - a Necronomicon

   Spells                             Type                      Level
   a - Haunt                          Necromancy/Summoning         7
   b - Borgnjor's Revivification      Necromancy                   8
   c - Death's Door                   Charms/Necromancy            8
   d - Necromutation                  Transmutation/Necromancy     8
Comestibles
 c - 2 bread rations
 o - 2 slices of pizza
 r - a meat ration


   Skills:
 * Level 4.1 Fighting
 * Level 1.3 Axes
 + Level 4.6 Dodging
 - Level 2.4 Stealth
 - Level 3.2 Spellcasting
 * Level 4.7 Conjurations
   Level 1.0 Summonings
   Level 0.8 Translocations


You had 12 spell levels left.
You knew the following spells:

 Your Spells              Type           Power        Failure   Level  Hunger
a - Magic Dart            Conj           ###.         14%         1    None


Dungeon Overview and Level Annotations

Branches:
Dungeon (5/15)
 Temple: D:4-7

Altars:
Dithmenos
Gozag
Qazlal
Zin

Shops:
D:4 [*

Annotations:
D:4 Leszczynek's ghost, amateur HuSk
D:5 blinkfrog's ghost, novice DsGl


Innate Abilities, Weirdness & Mutations

You are under a permanent stasis effect.
You can dig through walls and to a lower floor.
Your four strong arms can wield two-handed weapons with a shield.
You have a pair of large antennae on your head (SInv).


Message History

The ice beast freezes you. You resist.
* * * LOW HITPOINT WARNING * * *
You barely miss the ice beast.
The ice beast is severely wounded.
The ice beast closely misses you.
You hit the ice beast.
The ice beast is almost dead.
The ice beast hits you but does no damage.
You hit the ice beast.
The ice beast is almost dead.
The ice beast barely misses you.
You completely miss the ice beast.
The ice beast is almost dead.
The ice beast closely misses you.
You hit the ice beast.
You kill the ice beast!
You have reached level 8!
You feel stronger.
You closely miss blinkfrog's ghost. Blinkfrog's ghost hits you!
You die...

...# ...# ...# W..# { ...# Y..#
...#
'################################
>..............W@................
.#..........########.######.#####
.#..........# #.## #.#
##..........##### #..# #.#
.'[.......).'...#####.#####.#
##..........###.#...........#
##..........###.#...........####
.'..........'.#.#..............#
##..........#.#.###.....###....#


You could see blinkfrog's ghost.

Vanquished Creatures
  An ice beast (D:5)
  2 ogres
  2 scorpions
  A howler monkey (D:4)
  A crimson imp (D:5)
  2 hounds (D:4)
  2 centaur skeletons
  3 worker ants
  An iguana (D:5)
  4 adders
  2 worms
  5 dart slugs
  A giant gecko (D:2)
  5 orcs
  A ball python (D:1)
  7 giant cockroaches
  5 goblins
  8 hobgoblins
  9 jackals
  6 kobolds
  4 quokkas
  5 bats
  2 giant newts (D:1)
  9 rats
88 creatures vanquished.

Notes
Turn   | Place    | Note
--------------------------------------------------------------
     0 | D:1      | Herrn the Formicid Wizard began the quest for the Orb.
     0 | D:1      | Reached XP level 1. HP: 13/13 MP: 4/4
   372 | D:1      | Reached XP level 2. HP: 19/19 MP: 3/6
   413 | D:1      | Reached skill level 1 in Conjurations
  1108 | D:1      | Reached skill level 1 in Fighting
  1557 | D:2      | Reached XP level 3. HP: 26/26 MP: 4/7
  1736 | D:2      | Found a shadowy altar of Dithmenos.
  2533 | D:2      | Reached XP level 4. HP: 14/33 MP: 3/8
  3011 | D:2      | Found a glowing silver altar of Zin.
  3011 | D:2      | Noticed an angel
  3317 | D:3      | Found a stormy altar of Qazlal.
  3552 | D:3      | Reached XP level 5. HP: 39/39 MP: 6/9
  3905 | D:4      | Noticed Leszczynek's ghost (amateur HuSk)
  4041 | D:4      | Reached XP level 6. HP: 23/46 MP: 2/10
  4342 | D:4      | Found Qulu's Armour Shop.
  4387 | D:4      | Bought a +1 shield of poison resistance for 148 gold pieces
  4428 | D:4      | Found an opulent altar of Gozag.
  4462 | D:4      | Got a pair of distressingly furry boots
  4473 | D:4      | Identified the +1 pair of boots of Repulsion {rF- Str+5} (You found it on level 4 of the Dungeon)
  4648 | D:4      | Noticed an ogre
  4672 | D:4      | Got a sapphire dagger
  4691 | D:4      | Killed an ogre
  4691 | D:4      | Reached XP level 7. HP: 42/52 MP: 9/11
  4701 | D:4      | Identified the +4 dagger "Wuvvu" {antimagic, Fragile rElec rC+ rN++} (You found it on level 4 of the Dungeon)
  4752 | D:4      | Found Gozag's Platinum Reserve.
  4904 | D:5      | Entered Level 5 of the Dungeon
  5536 | D:5      | Reached skill level 1 in Axes
  5757 | D:5      | Noticed blinkfrog's ghost (novice DsGl)
  5793 | D:5      | HP: 1/54 [ice beast (3)]
  5798 | D:5      | Reached XP level 8. HP: 2/60 MP: 0/12
  5799 | D:5      | Mangled by blinkfrog's ghost

Vault maps used:
D:1:      sevenhm_arrival_forest_fort_small_5, serial_forest,
          infiniplex_forest_lined_corner, infiniplex_forest_lined_3_way,
          infiniplex_forest_end_3, infiniplex_forest_straight_1,
          infiniplex_forest_lined_room_2, infiniplex_forest_lined_2,
          infiniplex_forest_zigzag_2, infiniplex_forest_corner_2
D:2:      lemuel_round_altar, zin_angel, minmay_misc_feat_roman,
          minmay_joined_circles
D:3:      grunt_qazlal_sundering
D:4:      nicolae_gozag_zags_fifth_avenue, serial_shops, nicolae_shop_crystal
D:5:      first_bread, uniq_duvessa, uniq_edmund

Skill      XL: |  1  2  3  4  5  6  7 |
---------------+----------------------+-----
Dodging        | 2 3 4 |  4.6
Conjurations   | 1 2 3 4 |  4.7
Fighting       | 1 2 3 4 |  4.1
Axes           | 1 |  1.3
Stealth        | |  2.4
Spellcasting   | |  3.2
Summonings     | |  1.0
Translocations | |  0.8

Action                   |  1- 3 |  4- 6 |  7- 9 || total
-------------------------+-------+-------+-------++-------
Melee: Unarmed           |    10 |       |       ||    10
       Dagger            |     4 |       |   111 ||   115
       Whip              |    32 |    14 |       ||    46
       Short sword       |       |    41 |       ||    41
 Cast: Magic Dart        |    90 |    88 |     8 ||   186
  Use: Potion            |       |     3 |       ||     3
       Scroll            |       |       |     2 ||     2
 Stab: Sleeping          |     2 |       |       ||     2
  Eat: Chunk             |     3 |     8 |     2 ||    13
       Beef jerky        |       |       |     1 ||     1
